 Dungeon Crawl Stone Soup version 0.24.0-13-gcf9b3192b9 (webtiles) character file.

Game seed: 15246629196942383682, levelgen mode: deterministic

47 Katsumi the Changer (level 3, 0/15 HPs)
             Began as a Felid Transmuter on Nov 9, 2019.
             Slain by a ball python (1 damage)
             ... in a sewer.
             The game lasted 00:03:46 (2988 turns).

Katsumi the Changer (Felid Transmuter)              Turns: 2988, Time: 00:03:46

Health: 0/15       AC:  1    Str:  6    XL:     3   Next: 48%
Magic:  7/7        EV: 18    Int: 15    God:
Gold:   135        SH:  0    Dex: 16    Spells: 3/6 levels left
                                        Lives:  0   Deaths: 1

rFire    . . .     SeeInvis +     - Unarmed
rCold    . . .     Gourm    .   (shield unavailable)
rNeg     . . .     Faith    .   (armour unavailable)
rPois    .         Spirit   .   (helmet unavailable)
rElec    .         Reflect  .   (cloak unavailable)
rCorr    .         Harm     .   (gloves unavailable)
MR       .....                  (boots unavailable)
Stlth    +.........             (no amulet)
HPRegen  0.05/turn              h - +3 ring of evasion
MPRegen  0.10/turn              (no ring)

@: appendage (expiring), constricted, very slow
A: very small, no armour, no weapons or thrown items, stealth, claws 1, fangs 3,
horns 2, see invisible, carnivore, speed 1, shaggy fur 1, slow metabolism 1,
sharp paws
a: End Transformation


You were in a sewer.
You were not hungry.
You had grown temporary horns.
You visited 1 branch of the dungeon, and saw 3 of its levels.
You also visited: Sewer.

You collected 135 gold pieces.

Inventory:

Missiles
 a - 28 arrows
Jewellery
 h - a +3 ring of evasion (left paw)
Scrolls
 b - 2 scrolls of teleportation
 d - a scroll of fog
 e - a scroll of identify
 f - 2 scrolls of amnesia
 g - a scroll of remove curse
 i - 2 scrolls of magic mapping {unknown}
 j - a scroll of blinking {unknown}
 m - a scroll of fear {unknown}
Potions
 k - 2 potions of magic {unknown}
 l - a potion of might {unknown}
Comestibles
 c - 6 rations


   Skills:
 - Level 1.0 Fighting
 - Level 2.6 Dodging
 - Level 3.0 Unarmed Combat
 - Level 2.0 Spellcasting
 + Level 5.3 Transmutations


You had 3 spell levels left.
You knew the following spells:

 Your Spells              Type           Power        Failure   Level  Hunger
a - Beastly Appendage     Tmut           ###...       2%          1    #......
b - Sticks to Snakes      Tmut           ###.....     3%          2    ###....

Your spell library contained the following spells:

 Spells                   Type           Power        Failure   Level  Hunger
 Spider Form              Tmut/Pois      #.........   22%         3    ###....
 Blade Hands              Tmut           ###.......   56%         5    ######.
 Ice Form                 Ice/Tmut       #.......     58%         4    #####..


Dungeon Overview and Level Annotations

Branches:
Dungeon (3/15)              Sewer (1/1)

Altars:
Trog

Annotations:
Sewer Purgy


Innate Abilities, Weirdness & Mutations

You cannot wear armour.
You are incapable of wielding weapons or throwing items.
Your paws allow you to move quietly. (Stealth)
You have sharp claws.
You have razor-sharp teeth.
You have supernaturally acute eyesight. (SInv)
You are carnivorous and can eat meat at any time.
You cover ground quickly.
You are covered in fur. (AC +1)
You have a slow metabolism.
Your sharp claws are effective at attacking unaware monsters.
You have a pair of horns on your head.


Message History

The ball python barely misses you. The ball python constricts you.
The ball python closely misses you. The ball python constricts you.
The ball python closely misses you. The ball python constricts you.
The ball python barely misses you. The ball python constricts you.
The ball python misses you. The ball python constricts you.
Your transformation is almost over.
The ball python misses you. The ball python constricts you.
The ball python barely misses you.
* * * LOW HITPOINT WARNING * * *
The ball python constricts you. The ball python closely misses you.
* * * LOW HITPOINT WARNING * * *
The ball python constricts you. The ball python barely misses you.
* * * LOW HITPOINT WARNING * * *
The ball python constricts you. The ball python misses you.
* * * LOW HITPOINT WARNING * * *
The ball python constricts you. The ball python bites you.
You die...

≈≈###≈###≈≈#≈≈≈#
≈≈≈≈≈≈≈≈≈≈≈≈≈≈≈≈≈#
≈≈≈≈≈≈≈≈≈≈≈≈≈≈≈≈≈≈#
≈≈≈≈≈≈≈≈≈≈≈≈≈≈≈≈≈≈≈
≈≈≈≈≈≈≈≈≈≈≈≈≈≈≈≈≈≈≈
≈≈≈≈≈≈≈≈≈≈≈≈≈≈≈≈≈≈≈
≈≈≈≈≈≈≈≈≈≈≈≈≈≈≈≈≈≈≈
≈≈≈≈≈≈≈≈≈≈≈@S≈≈≈≈≈≈
≈≈≈.≈.≈≈≈..#.≈≈≈≈≈≈
≈≈#.##≈#####≈≈≈≈≈≈
#.# ##≈≈≈≈ #.# ≈≈≈
≈≈≈≈≈≈. #≈# ≈≈
≈≈≈≈≈≈ #.# ≈ ≈≈≈≈..
#≈# ≈≈≈≈. ##≈##


You could see a ball python.

Vanquished Creatures
  5 adders
  An ooze (D:2)
  A worm (D:3)
  A dart slug (D:1)
  5 leopard geckos
  3 ball pythons
  5 bats
  4 giant cockroaches
  7 goblins
  4 hobgoblins
  3 jackals (D:1)
  2 frilled lizards
  A jackal skeleton (D:2)
  4 kobolds
  A quokka skeleton (D:2)
  6 rats
53 creatures vanquished.

Vanquished Creatures (collateral kills)
  A kobold (D:1)
  A frilled lizard (Sewer)
2 creatures vanquished.

Grand Total: 55 creatures vanquished

Notes
Turn   | Place    | Note
-------+----------+-------------------------------------------
     0 | D:1      | Katsumi the Felid Transmuter began the quest for the Orb.
     0 | D:1      | Reached XP level 1. HP: 9/9 MP: 4/4
   340 | D:1      | Reached skill level 3 in Transmutations
   351 | D:1      | Reached XP level 2. HP: 12/12 MP: 4/6
   355 | D:1      | Learned a level 2 spell: Sticks to Snakes
   940 | D:1      | Reached XP level 3. HP: 15/15 MP: 5/7
  1112 | D:2      | Found a bloodstained altar of Trog.
  1189 | D:2      | Reached skill level 4 in Transmutations
  2434 | D:3      | Reached XP level 4. HP: 19/19 MP: 6/8
  2461 | D:3      | Found a glowing drain.
  2506 | Sewer    | Entered a sewer
  2512 | Sewer    | Reached skill level 5 in Transmutations
  2876 | Sewer    | Noticed Purgy
  2940 | Sewer    | Slain by Purgy
  2941 | Sewer    | Reached XP level 3. HP: -1/15 MP: 1/7
  2988 | Sewer    | Slain by a ball python

Levels and vault maps discovered:
D:1:      lightli_arrival_statuegarden, layout_loops_ring,
          minmay_misc_feat_cross
D:2:      layout_basic, nicolae_overflow_crystal_walls
D:3:      minmay_chambers_of_twos, layout_basic, eat_drink_and_be_merry_uskayaw,
          gup_sewer_entry_bubbles, glass_columns_c
Sewer:    sewer_co_purgy_island

Skill      XL: |  1  2  3  4 |
---------------+-------------+-----
Transmutations | 3 4 5 |  5.3
Fighting       | |  1.0
Dodging        | |  2.6
Unarmed Combat | |  3.0
Spellcasting   | |  2.0

Action                   |  1- 3 |  4- 6 || total
-------------------------+-------+-------++-------
Melee: Unarmed           |   111 |    27 ||   138
       Bite              |     3 |     1 ||     4
       Headbutt          |    16 |     1 ||    17
 Cast: Beastly Appendage |    41 |    10 ||    51
       Sticks to Snakes  |     2 |    10 ||    12
  Use: Scroll            |       |     5 ||     5
 Stab: Sleeping          |     6 |       ||     6
  Eat: Chunk             |    10 |     3 ||    13
Armor: Skin              |     4 |     2 ||     6
Dodge: Dodged            |   106 |    44 ||   150
